 Dungeon Sprint DCSS version 0.18.1-50-g88ac8fd (webtiles) character file.

1558 Kagutsuchi the Fighter (level 8, -6/124 HPs)
             Began as a Red Draconian Berserker on Oct 21, 2016.
             Was an Elder of Trog.
             Mangled by a yaktaur (14 damage)
             ... in the Dungeon (Sprint II: "The Violet Keep of Menkaure").
             The game lasted 00:04:46 (393 turns).

Kagutsuchi the Fighter (Red Draconian Berserker)     Turns: 393, Time: 00:04:47

Health: -6/124     AC:  6    Str: 26    XL:     8   Next: 58%
Magic:  8/8        EV: 18    Int:  7    God:    Trog [****..]
Gold:   482        SH:  0    Dex: 12    Spells: 0 memorised, 7 levels left

rFire  + . .     SeeInvis .     k - +3 broad axe (flame)
rCold  . . .     Gourm    .     (armour unavailable)
rNeg   . . .     Faith    .     (no shield)
rPois  .         Spirit   .     (helmet restricted)
rElec  .         Dismiss  .     (no cloak)
rCorr  .         Reflect  .     (no gloves)
SustAt .         Harm     .     (no boots)
MR     .....     NoTele   +     (no amulet)
Stlth  ..........               (no ring)
                                (no ring)

@: berserking (expiring), lethally poisoned (-6 -> -7), very quick, not
resistant to hostile enchantments, extremely unstealthy
A: breathe fire, unfitting armour, fire resistance 1, cold-blooded, AC +6
a: Breathe Fire, Berserk, Trog's Hand, Brothers in Arms, Burn Spellbooks,
Renounce Religion


You were in the Dungeon.
You worshipped Trog.
Trog was greatly pleased with you.
You were not hungry.

You visited 1 branch You collected 972 gold pieces.
You spent 490 gold pieces at shops.

Inventory:

Hand Weapons
 a - a +0 falchion
 k - a +3 broad axe of flaming (weapon)
Scrolls
 h - a scroll of blinking
Potions
 c - 3 potions of curing
 d - a potion of heal wounds
 e - a potion of haste
 f - 2 potions of magic
 g - a potion of berserk rage
 i - a potion of lignification
 j - a potion of resistance


   Skills:
 + Level 12.1 Fighting
 + Level 11.1 Long Blades
 + Level 1.0 Axes
 + Level 11.1 Dodging


You had 7 spell levels left.
You didn't know any spells.

Dungeon Overview and Level Annotations

Branches:
Dungeon (1/1)

Altars:
Cheibriados
Dithmenos
Elyvilon
Fedhas
Gozag
Kikubaaqudgha
Makhleb
Nemelex Xobeh
Pakellas
Ru
Vehumet
Xom
Yredelemnul
Zin
Beogh
Jiyva
Lugonu

Shops:
D ((:[%[?!=*!:}[=[

Annotations:
D exclusion: oklob plant


Innate Abilities, Weirdness & Mutations

You can breathe blasts of fire.
Your fiery red scales are hard (AC +6).
Your body does not fit into most forms of armour.
Your flesh is heat resistant.
You are cold-blooded and may be slowed by cold attacks.


Message History

You feel yourself speed up.
You feel sick. The wasp closely misses you.
The wasp stings you but does no damage. The polar bear bites you.
* * * LOW HITPOINT WARNING * * *
The polar bear closely misses you. x2
The yaktaur hits you but does no damage.
Unknown command.
You slice the wasp!! You burn the wasp!
You kill the wasp!
Trog accepts your kill.
Your Axes skill increases to level 1!
Your Dodging skill increases to level 11!
You slash the yaktaur! You burn the yaktaur.
The yaktaur is moderately wounded.
You hit the polar bear. You burn the polar bear.
The polar bear is moderately wounded.
You feel sick. The polar bear barely misses you. The polar bear claws you.
* * * LOW HITPOINT WARNING * * *
The polar bear misses you. The yaktaur hits you!
You die...

##+##..# #...##.####
+.### ..#..#....# ...#
#.).####..## #..#
##'###.##..# +..# #
##.##...#..# #..# .#
'.<.†##.+..####..##.# !
##.##†..#....###†h.##▓▓▓▓
##†###.##....§.≈@†≈≈≈≈≈≈≈
#.#.####§≈..§..≈#c#######
.##..#≈≈§§≈≈§..≈#....._._
##..##≈≈≈§§§§≈.≈#...._._.
##+##≈≈≈§§§§§≈≈≈#..._._._
≈ ≈≈≈§≈§§§≈§§≈≈#.._._._.
+++#§≈≈≈≈≈§§≈#._._._._
##≈≈≈###≈≈#.._._._.


You could see a polar bear and a yaktaur.

Vanquished Creatures
  A siren (D)
  2 polar bears (D)
  2 hippogriffs (D)
  Menkaure (D)
  A wasp (D)
  4 necrophages (D)
  3 worms (D)
14 creatures vanquished.

Vanquished Creatures (others)
  A crocodile (D)
1 creature vanquished.

Grand Total: 15 creatures vanquished

Notes
Turn   | Place    | Note
--------------------------------------------------------------
     0 | D        | Kagutsuchi the Draconian Berserker began the quest for the Orb.
     0 | D        | Reached XP level 1. HP: 19/19 MP: 1/1
     1 | D        | Noticed a siren
     7 | D        | Killed a siren
     7 | D        | Reached skill level 9 in Fighting
     7 | D        | Reached XP level 2. HP: 14/37 MP: 2/2
     7 | D        | Reached XP level 3. HP: 16/42 MP: 3/3
     7 | D        | Reached XP level 4. HP: 19/50 MP: 4/4
     7 | D        | Reached XP level 5. HP: 22/57 MP: 5/5
     7 | D        | Reached XP level 6. HP: 25/63 MP: 6/6
    95 | D        | Reached skill level 10 in Fighting
    95 | D        | Your scales start taking on a fiery red colour.
    95 | D        | Reached XP level 7. HP: 56/71 MP: 7/7
    95 | D        | Gained mutation: Your flesh is heat resistant. [Red Draconian growth]
   168 | D        | Noticed a hippogriff
   168 | D        | Noticed a hippogriff
   179 | D        | Killed a hippogriff
   179 | D        | Reached ** piety under Trog
   179 | D        | Reached skill level 10 in Long Blades
   183 | D        | Killed a hippogriff
   183 | D        | Reached skill level 11 in Fighting
   201 | D        | Reached *** piety under Trog
   247 | D        | Found Siubb's Assorted Antiques.
   247 | D        | Found Tyextei's Book Emporium.
   247 | D        | Found Umnoxutu's Distillery.
   247 | D        | Found Zamusioj's Antique Armour Emporium.
   247 | D        | Found Yraezowy's Jewellery Shoppe.
   247 | D        | Found Hubymief's Antique Armour Emporium.
   247 | D        | Found Gorurhin's Distillery.
   247 | D        | Found Nudy's Gadget Shoppe.
   247 | D        | Found Pewiump's Jewellery Shoppe.
   248 | D        | Found Citan's Magic Scroll Shoppe.
   248 | D        | Found Tumaqo's Antique Armour Emporium.
   255 | D        | Found Gady's Food Emporium.
   255 | D        | Found Elesy's Armour Shoppe.
   255 | D        | Noticed Menkaure
   255 | D        | Noticed an oklob plant
   256 | D        | Found Taunk's Antique Weapon Shoppe.
   256 | D        | Found Fuet's Book Shoppe.
   256 | D        | Found Teifo's Weapon Emporium.
   257 | D        | Noticed a yak
   258 | D        | Noticed a yak
   258 | D        | Noticed a yak
   262 | D        | Noticed a great orb of eyes
   263 | D        | Bought a potion of heal wounds for 65 gold pieces
   263 | D        | Bought a potion of lignification for 39 gold pieces
   263 | D        | Bought 2 potions of curing for 78 gold pieces
   263 | D        | Bought a potion of curing for 39 gold pieces
   263 | D        | Bought a potion of resistance for 130 gold pieces
   263 | D        | Bought a potion of curing for 39 gold pieces
   283 | D        | Killed Menkaure
   283 | D        | Reached skill level 10 in Dodging
   283 | D        | Reached XP level 8. HP: 5/80 MP: 8/8
   309 | D        | Bought a runed broad axe for 100 gold pieces
   371 | D        | Found an oddly glowing altar of Pakellas.
   373 | D        | Found a sparkling altar of Nemelex Xobeh.
   373 | D        | Found a viscous altar of Jiyva.
   374 | D        | Found a corrupted altar of Lugonu.
   374 | D        | Found a shadowy altar of Dithmenos.
   375 | D        | Found a white marble altar of Elyvilon.
   375 | D        | Found a shimmering altar of Xom.
   375 | D        | Found an ancient bone altar of Kikubaaqudgha.
   376 | D        | Found a burning altar of Makhleb.
   376 | D        | Found a blossoming altar of Fedhas.
   376 | D        | Found a roughly hewn altar of Beogh.
   377 | D        | Found a glowing silver altar of Zin.
   377 | D        | Found a snail-covered altar of Cheibriados.
   378 | D        | Found an opulent altar of Gozag.
   378 | D        | Found a basalt altar of Yredelemnul.
   378 | D        | Found a radiant altar of Vehumet.
   378 | D        | Found a sacrificial altar of Ru.
   378 | D        | Noticed a polar bear
   379 | D        | Noticed a polar bear
   380 | D        | Noticed a polar bear
   383 | D        | Noticed a yaktaur
   390 | D        | Killed a polar bear
   390 | D        | Reached **** piety under Trog
   391 | D        | Killed a polar bear
   391 | D        | Reached skill level 12 in Fighting
   393 | D        | Reached skill level 1 in Axes
   393 | D        | Mangled by a yaktaur

Skill      XL: |  1  2  3  4  5  6  7  8 |
---------------+-------------------------+-----
Fighting       | 9 10 11 12 | 12.1
Long Blades    | 8 9 10 11 | 11.1
Dodging        | 7 8 10 11 | 11.1
Axes           | 1 |  1.0

Action                   |  1- 3 |  4- 6 |  7- 9 || total
-------------------------+-------+-------+-------++-------
Melee: Falchion          |     4 |    10 |    45 ||    59
       Tailslap          |     1 |     2 |     7 ||    10
       Broad axe         |       |       |     9 ||     9
Invok: Berserk           |     1 |     1 |     2 ||     4
  Use: Potion            |       |       |     3 ||     3
  Eat: Bread ration      |       |       |     1 ||     1
Armor: Skin              |       |     1 |    24 ||    25
Dodge: Dodged            |     2 |     5 |    85 ||    92
